 Dungeon Crawl Stone Soup version 0.29-a0-330-g52719c12eb (webtiles) character file.

Game seed: 5253592811056108834

102 kae the Firebug (level 4, -3/28 HPs)
             Began as an Octopode Fire Elementalist on Apr 15, 2022.
             Slain by a gnoll
             ... wielding a +0 whip
              (9 damage)
             ... on level 3 of the Dungeon.
             The game lasted 00:02:13 (3415 turns).

kae the Firebug (Octopode Fire Elementalist)        Turns: 3415, Time: 00:02:14

Health: -3/28      AC:  1    Str:  7    XL:     4   Next: 78%
Magic:  2/7        EV: 13    Int: 19    God:
Gold:   166        SH:  0    Dex: 12    Spells: 1/7 levels left

rFire   . . .      SeeInvis .   (no weapon)
rCold   . . .      Faith    .   (no shield)
rNeg    . . .      Spirit   .   (helmet restricted)
rPois   .          Reflect  .   (no amulet)
rElec   .          Harm     .   (no ring)
rCorr   .          Rampage  .   (no ring)
Will    .....                   (no ring)
Stlth   +++.......              (no ring)
HPRegen 0.09/turn               (no ring)
MPRegen 0.10/turn               (no ring)
                                (no ring)
                                (no ring)

@: mighty, very slightly contaminated
A: almost no armour, amphibious, 8 rings, camouflage 1, gelatinous body 1,
(nimble swimmer 1), tentacles
a: no special abilities


You were on level 3 of the Dungeon.
You visited 1 branch of the dungeon, and saw 3 of its levels.

You collected 166 gold pieces.

Inventory:

Jewellery
 h - a +6 ring of dexterity
Wands
 l - a wand of flame (8)
Scrolls
 b - 2 scrolls of teleportation
 e - a scroll of identify
 i - a scroll of blinking
Potions
 a - 2 potions of magic
 d - a potion of curing
 g - a potion of mutation {unknown}
 k - 2 potions of heal wounds {unknown}
 n - a potion of degeneration {unknown}
 o - a potion of berserk rage {unknown}


   Skills:
 + Level 1.2 Fighting
 + Level 2.5 Dodging
 + Level 3.5 Stealth
 + Level 2.3 Spellcasting
 + Level 1.7 Conjurations
 * Level 4.0 Fire Magic


You had one spell level left.
You knew the following spells:

 Your Spells              Type           Power      Damage    Failure   Level
a - Foxfire               Conj/Fire      52%        2x1d6     4%          1
b - Scorch                Fire           34%        2d7       4%          2
c - Conjure Flame         Conj/Fire      13%        6-21      16%         3

Your spell library contained the following spells:

 Spells                   Type           Power      Damage    Failure   Level
 Shock                    Conj/Air       20%        1d4       12%         1
 Inner Flame              Hex/Fire       9%         N/A       22%         3
 Dazzling Flash           Conj/Hex       10%        N/A       34%         3
 Swiftness                Air            2%         N/A       43%         3
 Tukima's Dance           Hex            2%         N/A       43%         3
 Flame Wave               Conj/Fire      13%        2d6       45%         4
 Airstrike                Air            1%         N/A       85%         4
 Passage of Golubria      Tloc           2%         N/A       85%         4
 Agony                    Necr           2%         N/A       99%         5
 Silence                  Hex/Air        1%         N/A       99%         5
 Yara's Violent Unravell  Hex/Tmut       1%         3d3       99%         5


Dungeon Overview and Level Annotations

Branches:
Dungeon (3/15)

Altars:

Shops:
D:2 =


Innate Abilities, Weirdness & Mutations

You cannot wear most types of armour.
You are amphibious.
You can wear up to eight rings at the same time.
Your skin changes colour to match your surroundings (Stealth+).
Your rubbery body absorbs attacks. (AC +1, EV +1)
((You are camouflaged when in or above water. (Stealth+)))
You have tentacles for arms and can constrict up to eight enemies at once.


Message History

An adder is nearby!
An adder is nearby!
A gnoll comes into view. It is wielding a +0 whip.
The gnoll shouts!
The gnoll drinks a potion.
The gnoll seems to speed up.
A gnoll comes into view. It is wielding a +0 whip.
A gnoll comes into view. It is wielding a +0 club.
A bat comes into view.
There is an open door here.
Casting: Scorch (safe; 4% risk of failure)
Confirm with . or Enter, or press ? or * to list all spells.
The spell is quite dangerous to miscast (16% risk of failure)!
Continue anyway? [Y]es or [N]o only, please.
The spell is quite dangerous to miscast (16% risk of failure)!
Continue anyway?
You miscast Conjure Flame.
You are very lightly contaminated with residual magic.
Nothing appears to happen.
Casting: Conjure Flame (quite dangerous; 16% risk of failure)
Confirm with . or Enter, or press ? or * to list all spells.
The spell is quite dangerous to miscast (16% risk of failure)!
Continue anyway?
You miscast Conjure Flame.
Nothing appears to happen.
The gnoll misses you. The gnoll attacks as you move away!
The gnoll hits you with a +0 whip! The gnoll closely misses you.
The gnoll attacks as you move away! The gnoll barely misses you.
The gnoll barely misses you.
You barely miss the gnoll. You grab the gnoll.
You constrict the gnoll, but do no damage.
The gnoll hits you with a +0 whip.
You tentacle-slap the gnoll but do no damage.
You squeeze the gnoll, but do no damage.
You constrict the gnoll, but do no damage.
The gnoll hits you with a +0 whip. x2
You tentacle-slap the gnoll but do no damage.
You constrict the gnoll. The gnoll misses you.
It was a potion of might.
You feel very mighty all of a sudden.
You constrict the gnoll. The gnoll hits you with a +0 whip.
* * * LOW HITPOINT WARNING * * *
The gnoll hits you with a +0 whip!
You die...

#......# #
#.....g###.#
#######....#
#.##.#
##'########.#
#...........#
#....########
#.gg.........
#.@..#.......
#....#.###...
#....#.# .
#....#..
#....#..
#....#..#
###.##..# #.#
#.#


You could see 3 gnolls.

Vanquished Creatures
  3 gnolls (D:2)
  An adder (D:2)
  A worm (D:2)
  2 dart slugs
  An orc (D:3)
  10 ball pythons
  A bat (D:1)
  6 endoplasms
  A giant cockroach (D:1)
  4 goblins
  7 hobgoblins
  4 jackals (D:1)
  A quokka (D:2)
  8 kobolds
  5 rats
55 creatures vanquished.

Vanquished Creatures (others)
  173 foxfires
173 creatures vanquished.

Grand Total: 228 creatures vanquished

Notes
Turn   | Place    | Note
-------+----------+-------------------------------------------
     0 | D:1      | kae the Octopode Fire Elementalist began the quest for the
                  | Orb.
     0 | D:1      | Reached XP level 1. HP: 11/11 MP: 3/3
   307 | D:1      | Reached XP level 2. HP: 17/17 MP: 1/5
  1088 | D:1      | Reached XP level 3. HP: 22/22 MP: 0/6
  1434 | D:1      | Learned a level 2 spell: Scorch
  1438 | D:1      | Learned a level 3 spell: Conjure Flame
  1591 | D:1      | Found a faded altar of an unknown god.
  2187 | D:2      | Reached skill level 1 in Fighting
  2187 | D:2      | Reached XP level 4. HP: 28/28 MP: 2/7
  2522 | D:2      | Found Ribrias's Jewellery Shoppe.
  2969 | D:2      | Identified the +0 robe of Terror {Rampage rF+}
  3347 | D:3      | Reached skill level 4 in Fire Magic
  3415 | D:3      | Slain by a gnoll

Illustrated notes

Levels and vault maps discovered:
D:1:      eino_arrival_water_star, layout_basic,
          shapermc_ecumenical_altar_petra, minmay_ruptured
D:2:      layout_basic, serial_shops, shop_statue
D:3:      layout_basic, roderic_lattice_a

Skill      XL: |  1  2  3  4 |
---------------+-------------+-----
Stealth        | 3 |  3.5
Fighting       | 1 |  1.2
Fire Magic     | 4 |  4.0
Dodging        | |  2.5
Spellcasting   | |  2.3
Conjurations   | |  1.7

Action                   |  1- 3 |  4- 6 || total
-------------------------+-------+-------++-------
Melee: Unarmed           |    21 |     3 ||    24
       Tentacles         |     8 |     1 ||     9
       Constrict         |     9 |     1 ||    10
 Cast: Foxfire           |    64 |    45 ||   109
       Scorch            |       |     3 ||     3
  Use: Scroll            |     2 |     5 ||     7
       Potion            |       |     1 ||     1
 Stab: Sleeping          |     3 |       ||     3
Armor: Skin              |     3 |       ||     3
Dodge: Dodged            |    21 |    10 ||    31

Table legend: (Time is in decaauts)
 A = Elapsed time spent in this place.
 B = Non-inter-level travel time spent in this place.
 C = Inter-level travel time spent in this place.
 D = Time resting spent in this place.
 E = Time spent auto-exploring this place.
 F = Levels seen in this place.
 G = Mean time per level.
                   A        B        C        D        E       F      G
               +--------+--------+--------+--------+--------+-----+--------+
         Total |   3414 |   3391 |     23 |    406 |   2512 |   3 | 1138.0 |
       Dungeon |   3414 |   3391 |     23 |    406 |   2512 |   3 | 1138.0 |
               +--------+--------+--------+--------+--------+-----+--------+

Top non-repeatable levels by time:
     D:1: 1765 daAuts
     D:2: 1566 daAuts
     D:3: 82 daAuts
